 Dungeon Crawl Stone Soup version 0.20-a0-920-gb18bc0f (webtiles) character file.

23 nikopol the Skirmisher (level 2, 0/40 HPs)
             Began as a Minotaur Berserker on Mar 25, 2017.
             Was a Follower of Trog.
             Succumbed to a kobold's poison
             ... on level 1 of the Dungeon.
             The game lasted 00:01:37 (653 turns).

nikopol the Skirmisher (Minotaur Berserker)          Turns: 653, Time: 00:01:38

Health: 0/40       AC:  2    Str: 26    XL:     2   Next: 75%
Magic:  1/1        EV: 12    Int:  4    God:    Trog [*.....]
Gold:   42         SH:  0    Dex:  9    Spells: 1/1 levels left

rFire    + . .     SeeInvis .   a - +0 hand axe
rCold    . . .     Gourm    .   (no shield)
rNeg     . . .     Faith    .   b - +0 animal skin
rPois    .         Spirit   .   (helmet restricted)
rElec    .         Reflect  .   (no cloak)
rCorr    .         Harm     .   (no gloves)
MR       .....                  (no boots)
Stlth    ..........             (no amulet)
Regen    0.2/turn               l - ring of protection from fire
MPRegen  0.1/turn               p - ring of loudness (curse)

@: berserking, lethally poisoned (0 -> -26), very quick
A: retaliatory headbutt, horns 2
a: Berserk, Burn Spellbooks, Renounce Religion


You were on level 1 of the Dungeon.
You worshipped Trog.
Trog was aware of your devotion.
You were very hungry.

You visited 1 branch of the dungeon, and saw 1 of its levels.

You collected 42 gold pieces.

Inventory:

Hand Weapons
 a - a +0 hand axe (weapon)
Missiles
 i - 16 arrows (quivered)
Armour
 b - a +0 animal skin (worn)
 e - a +0 ring mail
Jewellery
 l - a ring of protection from fire (left hand)
 p - a cursed ring of loudness (right hand)
Scrolls
 d - a scroll of identify {unknown}
 g - a scroll of magic mapping {unknown}
 h - a scroll of remove curse {unknown}
 m - a scroll of enchant armour {unknown}
 n - a scroll of immolation {unknown}
 o - a scroll of fog {unknown}
Potions
 f - 2 potions of brilliance {unknown}
 j - 2 potions of heal wounds {unknown}
 k - a potion of mutation {unknown}
Comestibles
 c - a bread ration


   Skills:
 + Level 4.1 Fighting
 + Level 3.7 Axes
 + Level 3.1 Armour
 + Level 2.5 Dodging


You had one spell level left.
You didn't know any spells.

Dungeon Overview and Level Annotations

Branches:
Dungeon (1/15)

Altars:


Innate Abilities, Weirdness & Mutations

You reflexively headbutt those who attack you in melee.
You have a pair of horns on your head.


Message History

You are more poisoned.
You barely miss the kobold.
The kobold is severely wounded.
You slash the goblin!
You kill the goblin!
Trog accepts your kill.
* * * LOW HITPOINT WARNING * * *
You feel sick. The kobold closely misses you.
You barely miss the kobold. Your headbutt misses the kobold.
The kobold is severely wounded.
You are feeling very hungry.
* * * LOW HITPOINT WARNING * * *
You feel sick. The kobold closely misses you.
You closely miss the kobold.
The kobold is severely wounded.
* * * LOW HITPOINT WARNING * * *
You feel sick.
You barely miss the kobold. Your headbutt misses the kobold.
The kobold is severely wounded.
You die...

... #. #.. .. #.## #..
#. ..# ###
######.####.##
.....#?......#
.............## ##
..............###### #.
....(..†...........# #.
.......@......)†##.# #.
......K......>#..#.#####
..............##.#......
..............##.###....
....$..(.....###.###....
.....##.....## #..##....
##### ####### ##.......
###..... #.....


You could see a kobold.

Vanquished Creatures
  A dart slug (D:1)
  A giant cockroach (D:1)
  5 goblins (D:1)
  4 jackals (D:1)
  A bat (D:1)
  A frilled lizard (D:1)
  4 kobolds (D:1)
  2 rats (D:1)
19 creatures vanquished.

Notes
Turn   | Place    | Note
-------+----------+-------------------------------------------
     0 | D:1      | nikopol the Minotaur Berserker began the quest for the Orb.
     0 | D:1      | Reached XP level 1. HP: 19/19 MP: 0/0
   124 | D:1      | Reached skill level 4 in Fighting
   130 | D:1      | Reached XP level 2. HP: 6/27 MP: 1/1
   652 | D:1      | HP: 2/40 [poisoned by a kobold]
   653 | D:1      | Succumbed to a kobold's poison

Vault maps used:
D:1:      dpeg_arrival_signposts

Skill      XL: |  1  2 |
---------------+-------+-----
Fighting       | 4 |  4.1
Armour         | 3 |  3.1
Axes           | |  3.7
Dodging        | |  2.5

Action                   || total
-------------------------++-------
Melee: Hand axe          ||    44
       Headbutt          ||     5
Invok: Berserk           ||     2
Armor: Animal skin       ||     8
Dodge: Dodged            ||    26
